AoeStats
← 天空6

Arena

510979276Analyzed
4v4 RM · 7h ago on Oct 3, 2026· 48m 42s· 8 players
Game mode
Random Map
Map size
Large (8 player)
Population
200
Speed
Normal
Resources
Standard
Victory
Conquest
Starting age
Dark Age
Ending age
Imperial Age
RankedLock teamsTeams togetherTeam positionsShared explorationLock speedFull tech treeHidden civsTurbo modeCheats
Victory
Defeat
🇦🇺 Varangians · Australia
1295
+18
🇳🇱 Britons · Netherlands
1294
+19
🇪🇸 Italians · Spain
1279
+19
🇨🇳 Persians · China
1244
+21
🇮🇳 Franks · India
1387
-22
🇮🇳 Khmer · India
1355
-19
🇨🇳 Spanish · China
1327
-18
🇦🇷 Maya · Argentina
1323
-18
_GeeK_
10:46 Feudal Age
12:19 Wheelbarrow
11:54 Double-Bit Axe
14:41 Castle Age
12:34 Gold Mining
15:23 Scale Barding Armor
15:55 Bow Saw
21:50 Forging
25:54 Chain Barding Armor
27:17 Gold Shaft Mining
28:09 Hand Cart
29:22 Loom
29:24 Town Watch
34:21 Imperial Age
31:54 Husbandry
33:04 Iron Casting
33:39 Stone Mining
33:40 Treadmill Crane
34:22 Ballistics
36:06 Chemistry
35:13 Siege Engineers
35:44 Plate Barding Armor
36:11 Blast Furnace
34:53 Cavalier
35:04 Light Cavalry
36:29 Capped Ram
37:18 Paladin
41:51 Fletching
42:02 Padded Archer Armor
43:37 Conscription
45:39 Bodkin Arrow
46:00 Leather Archer Armor
45:34 Arrowslits
45:46 Murder Holes
arsenalchelsea2
11:04 Feudal Age
14:04 Castle Age
11:53 Horse Collar
12:00 Double-Bit Axe
15:02 Bow Saw
18:32 Wheelbarrow
19:58 Heavy Plow
20:42 Gold Mining
23:08 Stone Mining
23:29 Loom
27:55 Imperial Age
26:26 Hand Cart
26:34 Scale Barding Armor
26:47 Bloodlines
26:38 Husbandry
27:18 Gold Shaft Mining
27:49 Chain Barding Armor
28:28 Stone Shaft Mining
29:50 Conscription
30:30 Ballistics
31:10 Chemistry
29:54 Pikeman
31:12 Plate Barding Armor
30:38 Scale Mail Armor
30:48 Forging
31:21 Double Crossbow
31:27 Halberdier
32:57 Crop Rotation
32:59 Elite Ballista Elephant
34:12 Town Watch
35:58 Chain Mail Armor
36:19 Iron Casting
37:41 Siege Engineers
40:38 Light Cavalry
41:32 Hussar
wuxiaobin_CHN
10:51 Feudal Age
14:29 Castle Age
12:45 Double-Bit Axe
12:56 Horse Collar
14:39 Loom
20:56 Bow Saw
20:48 Heavy Plow
25:08 Wheelbarrow
29:39 Imperial Age
28:53 Gold Mining
28:55 Stone Mining
31:38 Two-Man Saw
30:46 Fletching
30:56 Padded Archer Armor
31:06 Forging
30:56 Scale Mail Armor
31:02 Scale Barding Armor
31:23 Hand Cart
32:13 Conscription
32:41 Bodkin Arrow
33:01 Leather Archer Armor
33:15 Stone Mining
33:38 Town Watch
33:51 Light Cavalry
34:41 Bloodlines
34:31 Husbandry
34:54 Chain Barding Armor
35:09 Iron Casting
34:51 Chain Mail Armor
36:41 Bracer
37:11 Ring Archer Armor
36:17 Hussar
37:34 Plate Barding Armor
37:26 Town Patrol
40:06 Blast Furnace
39:36 Plate Mail Armor
39:10 Elite Conquistador
Vilkian
0:26 Loom
11:34 Feudal Age
15:54 Castle Age
13:54 Double-Bit Axe
14:06 Stone Mining
14:28 Horse Collar
16:57 Bow Saw
18:15 Wheelbarrow
19:54 Fletching
21:16 Gold Mining
22:33 Padded Archer Armor
24:52 Hand Cart
25:26 Heavy Plow
27:20 Bodkin Arrow
27:47 Town Watch
31:26 Imperial Age
29:37 Leather Archer Armor
30:27 Hul'che Javelineers
29:49 Elite Skirmisher
31:11 Thumb Ring
32:45 Conscription
32:31 Bracer
33:04 Ring Archer Armor
34:09 Two-Man Saw
33:50 Ballistics
35:53 Chemistry
34:50 Pikeman
35:31 Squires
35:33 Scale Mail Armor
35:43 Forging
36:58 Chain Mail Armor
36:56 Halberdier
艾斯
9:54 Feudal Age
14:11 Castle Age
12:37 Double-Bit Axe
17:31 Horse Collar
18:40 Bow Saw
23:01 Gold Mining
28:16 Imperial Age
26:42 Wheelbarrow
26:45 Gold Shaft Mining
26:35 Scale Barding Armor
26:40 Forging
26:38 Heavy Plow
27:30 Husbandry
27:41 Bloodlines
28:41 Chain Barding Armor
28:57 Iron Casting
27:57 Cavalier
29:40 Crop Rotation
30:14 Two-Man Saw
30:03 Plate Barding Armor
30:31 Savar
33:54 Blast Furnace
34:37 Hand Cart
34:39 Light Cavalry
36:02 Hussar
Donkerzs
9:51 Feudal Age
14:59 Castle Age
13:25 Double-Bit Axe
13:21 Horse Collar
16:52 Bow Saw
16:10 Crossbowman
20:08 Fletching
23:12 Padded Archer Armor
24:45 Bodkin Arrow
26:08 Wheelbarrow
25:21 Loom
27:17 Hand Cart
28:43 Yeomen
32:09 Imperial Age
29:55 Gold Mining
31:34 Leather Archer Armor
31:21 Scale Mail Armor
32:08 Ballistics
33:08 Bracer
33:39 Ring Archer Armor
32:58 Arbalester
34:28 Gold Shaft Mining
37:06 Chemistry
41:20 Conscription
45:24 Guard Tower
47:36 Pikeman
48:16 Squires
48:29 Forging
48:35 Chain Mail Armor
48:35 Halberdier
天空6
10:40 Feudal Age
14:19 Castle Age
12:28 Double-Bit Axe
12:42 Horse Collar
21:22 Heavy Plow
22:45 Stone Mining
22:57 Loom
23:21 Fletching
25:16 Stone Shaft Mining
25:57 Wheelbarrow
28:35 Imperial Age
27:10 Gold Mining
28:22 Hand Cart
28:04 Bodkin Arrow
28:10 Padded Archer Armor
28:54 Ballistics
29:36 Bracer
29:51 Leather Archer Armor
32:19 Chemistry
30:48 Elite Genoese Crossbowman
32:49 Ring Archer Armor
37:18 Hoardings
36:32 Onager
39:51 Thumb Ring
47:14 Capped Ram
Zuvela
10:24 Feudal Age
11:56 Double-Bit Axe
14:47 Castle Age
12:44 Loom
15:39 Bow Saw
17:32 Horse Collar
19:11 Wheelbarrow
25:58 Heavy Plow
28:29 Hand Cart
32:50 Imperial Age
30:15 Gold Mining
31:01 Bloodlines
31:16 Husbandry
31:33 Scale Barding Armor
31:41 Forging
33:49 Chain Barding Armor
34:05 Iron Casting
33:01 Cavalier
35:30 Plate Barding Armor
37:30 Vendel Legacy
38:30 Conscription
42:39 Light Cavalry
47:29 Blast Furnace
46:21 Fletching
46:12 Hussar
Connection lost

Rejoining the realm…

Still unreachable

The connection could not be restored.

Session expired

The server has moved on; the page needs a fresh start.